 Dungeon Crawl Stone Soup version 0.28-a0-1087-gf3fc490d9d (webtiles) character file.

Game seed: 106919284939505793

702 fragbeetle the Covered (level 7, -1/61 HPs)
             Began as a Minotaur Fighter on Dec 11, 2021.
             Succumbed to a water moccasin's poison
             ... on level 5 of the Dungeon.
             The game lasted 00:07:25 (3753 turns).

fragbeetle the Covered (Minotaur Fighter)           Turns: 3753, Time: 00:07:26

Health: -1/61      AC:  7    Str: 21    XL:     7   Next: 38%
Magic:  6/6        EV: 10    Int:  7    God:
Gold:   157        SH:  4    Dex:  9    Spells: 5/6 levels left

rFire   . . .      SeeInvis .   a - +0 war axe
rCold   . . .      Faith    .   c - +0 buckler
rNeg    . . .      Spirit   .   b - +0 scale mail
rPois   .          Reflect  .   (helmet restricted)
rElec   .          Harm     .   (no cloak)
rCorr   +          Rampage  .   (no gloves)
Will    .....                   (no boots)
Stlth   ..........              (no amulet)
HPRegen 0.20/turn               m - ring of resist corrosion
MPRegen 0.10/turn               (no ring)

@: lethally poisoned (-1 -> -21)
A: horns 2, retaliatory headbutt
a: no special abilities


You were on level 5 of the Dungeon.
You visited 1 branch of the dungeon, and saw 5 of its levels.

You collected 157 gold pieces.

Inventory:

Hand Weapons
 a - a +0 war axe (weapon)
 i - a +0 flail
Missiles
 j - 2 boomerangs (quivered)
 l - a throwing net
Armour
 b - a +0 scale mail (worn)
 c - a +0 buckler (worn)
Jewellery
 f - an amulet of faith
 m - a ring of resist corrosion (left hand)
 n - a ring of fire
Scrolls
 e - 3 scrolls of immolation {unknown}
 h - a scroll of blinking {unknown}
 k - 2 scrolls of identify {unknown}
 p - a scroll of summoning {unknown}
Potions
 d - 2 potions of might
 g - 2 potions of curing {unknown}
 o - 2 potions of heal wounds {unknown}


   Skills:
 * Level 5.3 Fighting
 + Level 6.0 Axes
 + Level 6.2 Armour
 + Level 2.0 Dodging
 + Level 4.6 Shields
 * Level 1.3 Translocations


You had 5 spell levels left.
You knew the following spells:

 Your Spells              Type           Power      Damage    Failure   Level
a - Apportation           Tloc           2%         N/A       56%         1

Your spell library contained the following spells:

 Spells                   Type           Power      Damage    Failure   Level
 Scorch                   Fire           0%         2d5       87%         2
 Flame Wave               Conj/Fire      0%         2d4       100%        4
 Alistair's Intoxication  Tmut/Pois      0%         N/A       100%        5
 Summon Cactus Giant      Summ           0%         N/A       100%        6


Dungeon Overview and Level Annotations

Branches:
Dungeon (5/15)             Temple (0/1) D:5

Altars:
Wu Jian

Annotations:
D:3 Sigmund


Innate Abilities, Weirdness & Mutations

You have a pair of horns on your head.
You reflexively headbutt those who attack you in melee.


Message History

The iguana closely misses you. You furiously retaliate!
You headbutt the iguana. The water moccasin bites you.
You are poisoned.
The water moccasin poisons you!
You miss the water moccasin.
The water moccasin is moderately wounded.
You hit the iguana.
You feel very sick. The water moccasin closely misses you.
The iguana bites you.
You slash the water moccasin!
You headbutt the water moccasin, but do no damage.
The water moccasin is almost dead.
You closely miss the iguana.
You feel sick. The water moccasin bites you. The iguana bites you.
The water moccasin bites you but does no damage.
Unknown command.
You closely miss the water moccasin.
Your headbutt misses the water moccasin.
The water moccasin is almost dead.
You hit the iguana.
You feel sick.
The water moccasin bites you but does no damage.
The iguana bites you.
* * * LOW HITPOINT WARNING * * *
The water moccasin barely misses you.
The iguana bites you but does no damage.
You closely miss the water moccasin.
The water moccasin is severely wounded.
You hit the iguana but do no damage.
You feel sick. You block the water moccasin's attack.
You block the iguana's attack.
You barely miss the water moccasin.
Your headbutt misses the water moccasin.
The water moccasin is severely wounded.
You hit the iguana but do no damage.
You feel sick. You block the water moccasin's attack.
The water moccasin bites you!
* * * LOW HITPOINT WARNING * * *
You are lethally poisoned!
The water moccasin poisons you! The iguana completely misses you.
You furiously retaliate!
You headbutt the iguana.
You kill the iguana!
You die...

'####.....# #.# ....#
##.. .≈≈≈#.....#
#.##.#.. ... .≈≈≈#.....#
#.#[.(. #...
♣♣≈≈#.....####...#.#
....
.♣.≈#..........###.# #
#..##
8..≈#..[.....###...##.##
.♣≈≈#......#........#..#
.≈≈≈##.......##..S..##..
≈≈≈≈#######...#.@......#
##### #...##./.###..
##...#.### #...#.#...
........... ### .#. ####
. . ## ##


You could see a water moccasin.

Vanquished Creatures
  An ice beast (D:5)
  A sky beast (D:5)
  An ogre (D:5)
  A water moccasin zombie (D:5)
  A scorpion (D:4)
  A hound (D:4)
  A gnoll shaman (D:4)
  An iguana (D:5)
  2 orc wizards
  A howler monkey zombie (D:5)
  7 gnolls
  3 adders
  An ufetubus (D:5)
  An adder zombie (D:5)
  A dart slug (D:2)
  6 orcs
  6 bats
  3 endoplasms
  2 giant cockroaches
  8 goblins
  2 hobgoblins
  2 jackals (D:2)
  2 quokkas
  5 ball pythons
  3 frilled lizards
  6 kobolds
  7 rats
76 creatures vanquished.

Vanquished Creatures (others)
  2 fungi (D:1)
  3 plants (D:1)
5 creatures vanquished.

Grand Total: 81 creatures vanquished

Notes
Turn   | Place    | Note
-------+----------+-------------------------------------------
     0 | D:1      | fragbeetle the Minotaur Fighter began the quest for the
                  | Orb.
     0 | D:1      | Reached XP level 1. HP: 19/19 MP: 0/0
   210 | D:1      | Reached XP level 2. HP: 27/27 MP: 1/1
   232 | D:1      | Found a faded altar of an unknown god.
   785 | D:2      | Reached XP level 3. HP: 33/33 MP: 2/2
   797 | D:2      | Reached XP level 4. HP: 25/40 MP: 3/3
  1503 | D:3      | Reached skill level 1 in Dodging
  1513 | D:3      | Noticed Sigmund
  1724 | D:3      | Found an ornate altar of the Wu Jian Council.
  1806 | D:3      | Reached XP level 5. HP: 13/47 MP: 4/4
  2190 | D:4      | Reached skill level 5 in Armour
  2932 | D:4      | Reached skill level 5 in Axes
  2932 | D:4      | Reached XP level 6. HP: 50/53 MP: 5/5
  3033 | D:4      | Learned a level 1 spell: Apportation
  3151 | D:5      | Entered Level 5 of the Dungeon
  3264 | D:5      | Noticed an ice beast
  3298 | D:5      | Killed an ice beast
  3299 | D:5      | Reached skill level 5 in Fighting
  3347 | D:5      | Noticed a sky beast
  3381 | D:5      | Killed a sky beast
  3382 | D:5      | Reached skill level 1 in Translocations
  3382 | D:5      | Reached XP level 7. HP: 14/61 MP: 6/6
  3733 | D:5      | Found a staircase to the Ecumenical Temple.
  3752 | D:5      | HP: 3/61 [water moccasin (7)]
  3753 | D:5      | Succumbed to a water moccasin's poison

Illustrated notes

Levels and vault maps discovered:
D:1:      onia_arrival_mini_maze_b, layout_rooms,
          dreamdust_ecumenical_altar_grove
D:2:      layout_basic
D:3:      layout_loops_cross, mainiacjoe_overflow_alcove_1, uniq_sigmund
D:4:      layout_cave_pods
D:5:      layout_basic, minmay_temple_entry_slanted, kennysheep_generic_room_4,
          uniq_menkaure

Skill      XL: |  1  2  3  4  5  6  7 |
---------------+----------------------+-----
Armour         | 4 5 6 |  6.2
Shields        | 4 |  4.6
Fighting       | 4 5 |  5.3
Axes           | 3 4 5 6 |  6.0
Dodging        | 1 2 |  2.0
Translocations | 1 |  1.3

Action                   |  1- 3 |  4- 6 |  7- 9 || total
-------------------------+-------+-------+-------++-------
Melee: War axe           |    59 |   127 |    20 ||   206
       Headbutt          |    10 |    18 |     5 ||    33
Armor: Scale mail        |    27 |    53 |     8 ||    88
Dodge: Dodged            |    29 |    52 |    10 ||    91
Block: Buckler           |    19 |    24 |     8 ||    51

Table legend: (Time is in decaauts)
 A = Elapsed time spent in this place.
 B = Non-inter-level travel time spent in this place.
 C = Inter-level travel time spent in this place.
 D = Time resting spent in this place.
 E = Time spent auto-exploring this place.
 F = Levels seen in this place.
 G = Mean time per level.
                   A        B        C        D        E       F      G
               +--------+--------+--------+--------+--------+-----+--------+
         Total |   3814 |   3724 |     90 |    782 |   2218 |   5 |  762.8 |
       Dungeon |   3814 |   3724 |     90 |    782 |   2218 |   5 |  762.8 |
               +--------+--------+--------+--------+--------+-----+--------+

Top non-repeatable levels by time:
     D:2: 1018 daAuts
     D:4: 988 daAuts
     D:5: 614 daAuts
     D:1: 613 daAuts
     D:3: 579 daAuts
